 Dungeon Sprint DCSS version 0.26.0-16-gc1dbca0489 (webtiles) character file.

Game seed: 4826836262478174250

1100000 Groucho the Spry (level 13, -8/86 HPs)
             Began as a Formicid Fighter on Jan 18, 2021.
             Mangled by a bag of meat
             ... wielding a +9 war axe
              (21 damage)
             ... in the Dungeon (Sprint VIII: "Arena of Blood").
             The game lasted 00:00:40 (11 turns).

Groucho the Spry (Formicid Fighter)                   Turns: 11, Time: 00:00:41

Health: -8/86      AC:  6    Str: 22    XL:     13   Next: 60%
Magic:  13/13      EV: 22    Int:  8    God:
Gold:   0          SH: 16    Dex: 14    Spells: 12/12 levels left

rFire    . . .     SeeInvis +   (no weapon)
rCold    . . .     Faith    .   c - +0 kite shield
rNeg     . . .     Spirit   .   b - +0 scale mail
rPois    .         Reflect  .   (helmet unavailable)
rElec    .         Harm     .   (no cloak)
rCorr    .         Rampage  .   (no gloves)
Will     +....                  (no boots)
Stlth    ..........             (no amulet)
HPRegen  0.24/turn              (no ring)
MPRegen  0.13/turn              (no ring)

@: no status effects
A: permanent stasis, dig shafts and tunnels, four strong arms, antennae 3
a: Dig


You were in the Dungeon.
You visited 1 branch

Inventory:

Hand Weapons
 a - a +0 war axe
Armour
 b - a +0 scale mail (worn)
 c - a +0 kite shield (worn)
Potions
 d - a potion of might
 e - a potion of curing
 f - a potion of heal wounds
 g - 2 potions of magic


   Skills:
 - Level 3.2 Fighting
 + Level 16.8 Axes
 - Level 3.2 Armour
 * Level 20.7 Dodging
 + Level 19.5 Shields


You had 12 spell levels left.
You didn't know any spells.
Your spell library was empty.

Dungeon Overview and Level Annotations

Branches:
Dungeon (1/1)

Altars:
Makhleb


Innate Abilities, Weirdness & Mutations

You cannot be hasted, slowed, berserked, paralysed or teleported.
You can dig through walls and to a lower floor.
Your four strong arms can wield two-handed weapons with a shield.
You have a pair of large antennae on your head. (SInv)


Message History

You feel stronger.
You have reached level 9!
Your experience leads to an increase in your attributes!
Increase (S)trength, (I)ntelligence, or (D)exterity?
You feel agile.
You have reached level 10!
You have reached level 11!
You have reached level 12!
Your experience leads to an increase in your attributes!
Increase (S)trength, (I)ntelligence, or (D)exterity?
You feel agile.
You feel stronger.
You have reached level 13!
Unknown command.
Unknown command.
You are now empty-handed.
You drop the +∞ Axe of Woe.
You hear a shout! x3
A meat berserker comes into view. It is wielding a +9 battleaxe.
You hear a shout!
The bag of meat hits you with a +9 war axe!!
You die...

.. .. #. { .#
#.. ..# .###..
..###.
......###...O..
....._o....
#..oo.# #_.@._#
#.Oo..#
....._.....
......###......
.###.. ..###.
#.. ..# #O .#
.. ..


You could see 3 meat berserkers and 4 bags of meat.

Vanquished Creatures
  An ogre (D)
1 creature vanquished.

Notes
Turn   | Place    | Note
-------+----------+-------------------------------------------
     0 | D        | Found the +∞ Axe of Woe
     0 | D        | Groucho the Formicid Fighter began the quest for the Orb.
     0 | D        | Reached XP level 1. HP: 18/18 MP: 1/1
     2 | D        | Noticed a bag of meat
     3 | D        | Noticed a bag of meat
     4 | D        | Noticed a bag of meat
     5 | D        | Noticed a meat berserker
     8 | D        | Noticed a meat berserker
    10 | D        | Noticed a bag of meat
    10 | D        | Killed a meat berserker
    11 | D        | Reached skill level 20 in Dodging
    11 | D        | Reached XP level 2. HP: 3/24 MP: 2/2
    11 | D        | Reached XP level 3. HP: 4/29 MP: 3/3
    11 | D        | Reached XP level 4. HP: 5/35 MP: 4/4
    11 | D        | Reached XP level 5. HP: 6/41 MP: 5/5
    11 | D        | Reached XP level 6. HP: 6/47 MP: 6/6
    11 | D        | Reached XP level 7. HP: 7/52 MP: 7/7
    11 | D        | Reached XP level 8. HP: 8/58 MP: 8/8
    11 | D        | Reached XP level 9. HP: 9/64 MP: 9/9
    11 | D        | Reached XP level 10. HP: 10/70 MP: 10/10
    11 | D        | Reached XP level 11. HP: 11/75 MP: 11/11
    11 | D        | Reached XP level 12. HP: 12/81 MP: 12/12
    11 | D        | Reached XP level 13. HP: 12/86 MP: 13/13
    11 | D        | Noticed a meat berserker
    11 | D        | Noticed a meat berserker
    11 | D        | Mangled by a bag of meat

Illustrated notes

Levels and vault maps discovered:
D:        meatsprint

Skill      XL: |  1 |
---------------+----+-----
Axes           | 16 | 16.8
Dodging        | 20 | 20.7
Shields        | 19 | 19.5
Fighting       | |  3.2
Armour         | |  3.2

Action                   |  1- 3 |  4- 6 |  7- 9 | 10-12 | 13-15 || total
-------------------------+-------+-------+-------+-------+-------++-------
Melee: Executioner's axe |     1 |       |       |       |       ||     1
